 Dungeon Crawl Stone Soup version 0.28.0-47-ge53b351184 (webtiles) character file.

Game seed: 18134532177575483189

168259 Allula97 the Covert (level 17, -8/133 HPs)
             Began as a Demonspawn Monk on May 9, 2022.
             Was the Champion of Dithmenos.
             Mangled by an acid blob (29 damage)
             ... on level 5 of the Pits of Slime.
             The game lasted 01:28:35 (24878 turns).

Allula97 the Covert (Demonspawn Monk)              Turns: 24878, Time: 01:28:36

Health: -8/133     AC: 19    Str: 17 (18) XL:     17   Next: 33%
Magic:  26/26      EV: 17    Int: 12      God:    Dithmenos [******]
Gold:   336        SH:  0    Dex: 18      Spells: 26/28 levels left

rFire   + + .      SeeInvis .   i - +9 dagger "Wywaim" {protect, rPois Str+5 Stlth+}
rCold   + . .      Faith    .   (no shield)
rNeg    . . .      Spirit   .   I - +1 ring mail "Zuleiss" {rElec rF+ Will- Regen+}
rPois   +          Reflect  .   B - +2 helmet
rElec   +          Harm     .   H - +2 cloak
rCorr   +          Rampage  .   (gloves unavailable)
Will    .....                   V - +2 pair of boots
Stlth   +++++.....              a - amulet of regeneration
HPRegen 1.92/turn               g - ring of Woboadig {rF+ rC+ rCorr Slay+2}
MPRegen 0.20/turn               Y - +4 ring of slaying

@: confused, corroded, sanguine armoured, wreathed by umbra, studying Unarmed
Combat
A: demonic guardian 2, icemail 2, sanguine armour 3, condensation shield,
demonic touch 3, talons 1, clumsy 1, deterioration 1, mutation resistance 1,
shaggy fur 1, weak 1, wild magic 1, MP-powered wands
a: Renounce Religion, Shadow Step, Shadow Form


You were on level 5 of the Pits of Slime.
You worshipped Dithmenos.
Dithmenos was exalted by your worship.
You visited 6 branches of the dungeon, and saw 29 of its levels.
You also visited: Sewer, Bailey and Volcano.

You collected 2446 gold pieces.
You spent 2110 gold pieces at shops.

Inventory:

Hand Weapons
 i - the +9 dagger "Wywaim" (weapon) {protect, rPois Str+5 Stlth+}
   (You bought it in a shop on level 1 of the Dungeon)

   It grants its wielder temporary protection when it strikes (+7 to AC).
   Str:       It affects your strength (+5).
   rPois:     It protects you from poison.
   Stlth:     It makes you more stealthy.
 K - the +7 glaive "Teusch" {pain, Int+2 SInv}
   (You found it on level 4 of the Lair of Beasts)

   In the hands of one skilled in necromantic magic, it inflicts extra damage on
   living creatures.
   Int:       It affects your intelligence (+2).
   SInv:      It lets you see invisible.
 N - a +8 dagger of chaos
Missiles
 k - a throwing net
 t - 11 curare-tipped darts
 z - 4 atropa-tipped darts (quivered)
 F - 4 datura-tipped darts
Armour
 u - a +0 crystal plate armour
 B - a +2 helmet (worn)
 E - the +1 ring mail of a Labyrinth {rC+}
   (You found it in a bailey)

   rC:        It protects you from cold.
 G - a +2 ring mail of positive energy
 H - a +2 cloak (worn)
 I - the +1 ring mail "Zuleiss" (worn) {rElec rF+ Will- Regen+}
   (You found it on level 9 of the Dungeon)

   rF:        It protects you from fire.
   rElec:     It insulates you from electricity.
   Regen:     It increases your rate of health regeneration.
   Will:      It decreases your willpower.
 M - a +0 buckler of cold resistance
 U - a scarf of invisibility
 V - a +2 pair of boots (worn)
 W - a +3 leather armour of fire resistance
Jewellery
 a - an amulet of regeneration (around neck)
 g - the ring of Woboadig (left hand) {rF+ rC+ rCorr Slay+2}
   (You bought it in a shop on level 2 of the Orcish Mines)

   [ring of protection from cold]

   Slay:      It affects your accuracy & damage with ranged weapons and melee
   (+2).
   rF:        It protects you from fire.
   rC:        It protects you from cold.
   rCorr:     It protects you from acid and corrosion.
 s - a ring of magical power
 v - a ring of ice
 O - a ring of positive energy
 P - a ring of flight
 Y - a +4 ring of slaying (right hand)
Wands
 m - a wand of flame (66)
 y - a wand of paralysis (11)
 A - a wand of iceblast (6)
 D - a wand of digging (24)
 T - a wand of acid (5)
Scrolls
 b - 9 scrolls of teleportation
 e - 4 scrolls of enchant armour
 f - 2 scrolls of fog
 l - a scroll of blinking
 n - 2 scrolls of fear
 o - 5 scrolls of summoning
 q - 2 scrolls of identify
 C - 2 scrolls of amnesia
 Q - a scroll of magic mapping
 S - 2 scrolls of silence
Potions
 c - 7 potions of curing
 d - a potion of cancellation
 h - 2 potions of lignification
 j - 3 potions of heal wounds
 p - a potion of magic
 r - 3 potions of brilliance
 x - 3 potions of haste
 J - 3 potions of attraction
 L - a potion of might
 X - 2 potions of flight


   Skills:
 * Level 11.7 Fighting
 + Level 11.3 Short Blades
 + Level 0.6 Throwing
 * Level 10.0 Armour
 * Level 11.4 Dodging
 * Level 14.1 Stealth
 - Level 3.5 Shields
 * Level 11.2 Unarmed Combat
 * Level 6.1 Spellcasting
 * Level 6.6 Necromancy
 + Level 3.3 Transmutations
 + Level 6.7 Invocations
 * Level 5.6 Evocations


You had 26 spell levels left.
You knew the following spells:

 Your Spells              Type           Power      Damage    Failure   Level
a - Wereblood             Tmut           15%        N/A       16%         2

Your spell library contained the following spells:

 Spells                   Type           Power      Damage    Failure   Level
 Sublimation of Blood     Necr           25%        N/A       4%          2
 Sting                    Tmut/Pois      40%        1d5       21%         1
 Animate Dead             Necr           12%        N/A       26%         4
 Freeze                   Ice            16%        1d4       36%         1
 Magic Dart               Conj           16%        1d3       36%         1
 Call Imp                 Summ           4%         N/A       50%         2
 Poisonous Vapours        Pois/Air       8%         N/A       50%         2
 Scorch                   Fire           8%         2d5       50%         2
 Agony                    Necr           25%        N/A       54%         5
 Excruciating Wounds      Necr           12%        N/A       54%         5
 Anguish                  Hex/Necr       7%         N/A       67%         4
 Dazzling Flash           Conj/Hex       8%         N/A       73%         3
 Frozen Ramparts          Ice            8%         1d2       73%         3
 Gell's Gravitas          Tloc           4%         N/A       73%         3
 Lesser Beckoning         Tloc           4%         N/A       73%         3
 Mephitic Cloud           Conj/Pois/Air  4%         N/A       73%         3
 Portal Projectile        Hex/Tloc       8%         N/A       73%         3
 Teleport Other           Tloc           4%         N/A       73%         3
 Tukima's Dance           Hex            4%         N/A       73%         3
 Blade Hands              Tmut           7%         N/A       94%         5
 Flame Wave               Conj/Fire      4%         2d5       98%         4
 Hailstorm                Conj/Ice       4%         3d4       98%         4
 Iskenderun's Mystic Bla  Conj/Tloc      4%         2d3       98%         4
 Olgreb's Toxic Radiance  Pois           4%         N/A       98%         4
 Passage of Golubria      Tloc           4%         N/A       98%         4
 Irradiate                Conj/Tmut      5%         3d15      99%         5
 Yara's Violent Unravell  Hex/Tmut       5%         3d4       99%         5
 Fireball                 Conj/Fire      2%         3d4       100%        5
 Summon Forest            Summ/Tloc      2%         N/A       100%        5
 Eringya's Noxious Bog    Tmut/Pois      5%         N/A       100%        6
 Starburst                Conj/Fire      2%         6d3       100%        6
 Summon Cactus Giant      Summ           2%         N/A       100%        6
 Dragon Form              Tmut           7%         N/A       100%        7
 Summon Hydra             Summ           2%         N/A       100%        7
 Ignition                 Fire           2%         3d3       100%        8
 Necromutation            Tmut/Necr      10%        N/A       100%        8


Dungeon Overview and Level Annotations

Branches:
Dungeon (13/15)            Temple (1/1) D:6            Lair (6/6) D:10
  Swamp (0/4) Lair:2        Snake (2/4) Lair:2        Slime (5/5) Lair:6
    Orc (2/2) D:11            Elf (0/3) Orc:2         Sewer (visited)
 Bailey (visited)         Volcano (visited)
 Vaults: D:13-14

Altars:
Ashenzari
Cheibriados
Dithmenos
Elyvilon
Fedhas
Gozag
Hepliaklqana
Makhleb
Nemelex Xobeh
Okawaru
Qazlal
Ru
Sif Muna
Trog
Uskayaw
Vehumet
Wu Jian
Xom
Yredelemnul
Zin
The Shining One
Beogh

Shops:
D:1 (   D:4 **   D:7 *   D:9 *   D:12 (   Orc:1 :(   Orc:2 !!(=

Portals:
Abyss: Lair:3


Innate Abilities, Weirdness & Mutations

A demonic guardian rushes to your aid.
A meltable icy envelope protects you from harm. (AC +8)
When seriously injured, your blood forms very thick armour. (AC +12)
A meltable shield of frost defends you. (SH +4)
Your touch may irresistibly damage your foes and sap their willpower.
You have sharp toenails.
You are clumsy. (Dex -2)
Your body sometimes deteriorates upon taking damage.
You are somewhat resistant to further mutation.
You are covered in fur. (AC +1)
You are weak. (Str -2)
Your spells are a little harder to cast, but a little more powerful.
You expend magic power (3 MP) to strengthen your wands.


Message History

Your weapon exudes an aura of protection.
Your shadow hits the shining eye but does no damage.
You hit the shining eye but do no damage.
You punch the shining eye, but do no damage.
Your shadow hits the shining eye with a dagger.
The acid blob closely misses you. The acid blob hits you!!
* * * LOW HITPOINT WARNING * * *
A demonic guardian appears!
You are splashed with acid.
You resist.
* * * LOW HITPOINT WARNING * * *
You are too injured to fight recklessly!
The golden eye blinks at you.
You are more confused.
The acid blob spits acid at you. The splash of acid hits you! You resist.
* * * LOW HITPOINT WARNING * * *
The shining eye gazes at you.
Strange energies course through your body.
You feel odd for a moment. The golden eye blinks at you.
You are more confused.
Your ice devil hits the golden eye!
Your ice devil freezes the golden eye!
The golden eye dies!
Dithmenos accepts your kill. The acid blob spits acid at you.
The splash of acid hits you but does no damage.
Your ice devil hits the shining eye!
Your ice devil freezes the shining eye!
The acid blob spits acid at you. The splash of acid hits you! You resist.
* * * LOW HITPOINT WARNING * * *
Your ice devil hits the acid blob!
Your ice devil freezes the acid blob!!
Your ice devil is burned by acid!
The acid blob closely misses you.
Your ice devil hits the acid blob.
Your ice devil freezes the acid blob!!
Your ice devil is burned by acid!
The acid blob hits your ice devil!!
Your ice devil is splashed with acid!
The acid corrodes your ice devil! The acid blob hits your ice devil!
Your ice devil dies!
Your ice devil disappears in a puff of smoke!
The acid blob hits you!!
You die...

#..............................
#...............................
#...............................
............................
............................
............................
............................
.......§JJ...........
........@GG.##.......
.........§.## ##.####
..........## ..# ..........# G#
.........## ........## ........#
........#


You could see 2 acid blobs and 2 shining eyes.

Vanquished Creatures
  Dissolution (Slime:4)
  5 acid blobs
  3 azure jellies
  Nessos (Lair:6)
  A red draconian (Volcano)
  The ghost of mmigdal the Reanimator, a journeyman DsNe of Yredelemnul (Lair:6)
  Josephine (D:9)
  4 hydras
  The ghost of Kangaroobicon the Cleaver, a journeyman PaFi of the Shining One (Lair:3)
  2 great orbs of eyes
  2 boulder beetles
  4 naga warriors (Snake:1)
  Erolcha (D:11)
  3 centaur warriors
  A dancing weapon (D:11)
  Erica (D:9)
  2 death yaks (Lair:6)
  2 naga sharpshooters (Snake:1)
  5 two-headed ogres
  A tengu warrior (D:12)
  3 orc high priests (Orc:2)
  A thrashing horror (Lair:3)
  2 shock serpents (Snake:1)
  The ghost of 101zpm the Spear-Bearer, a novice GrFi of the Shining One (D:11)
  5 skeletal warriors
  4 spectral death yaks (Lair:6)
  A spectral anaconda (Lair:6)
  An obsidian statue (Lair:6)
  3 necromancers (Lair:6)
  2 mana vipers (Snake:1)
  5 orc knights
  4 orc sorcerers (Orc:2)
  4 lindwurms (Lair:4)
  A deep elf pyromancer (Volcano)
  3 shining eyes (Slime:2)
  5 ugly things
  4 oklob plants
  6 salamanders
  10 centaur zombies
  17 elephants
  11 black mambas
  3 cyclopes
  11 naga magi
  2 eyes of devastation
  2 guardian serpents (Snake:1)
  3 molten gargoyles (Volcano)
  3 gargoyles
  11 cane toads
  5 komodo dragons
  Psyche (D:10)
  A kobold demonologist (D:9)
  2 rime drakes
  An efreet (Volcano)
  A tengu conjurer (D:12)
  A meliai (D:8)
  2 hornets
  6 trolls
  68 slime creatures
  A polar bear (Lair:3)
  2 spectral elephants (Lair:6)
  22 blink frogs
  4 flying skulls (D:9)
  9 shadows
  A vampire (D:10)
  2 spriggans (Lair:3)
  6 basilisks
  8 wraiths
  A steam dragon (D:8)
  7 wyverns
  16 yaks
  4 golden eyes
  3 death yak simulacra (Lair:6)
  9 vampire mosquitoes
  Edmund (D:5)
  A warg (Orc:2)
  13 nagas
  14 water moccasins
  20 orc warriors
  3 sky beasts
  2 elephant zombies (Lair:6)
  2 black bears
  4 ogres
  7 centaurs
  27 wolves
  3 elephant skeletons (Lair:6)
  A phantom (D:6)
  Blork the orc (D:5)
  15 kobold brigands
  9 bullfrogs
  A wyvern zombie (D:9)
  3 gnoll sergeants
  2 water moccasin zombies
  2 scorpions
  A wyvern skeleton (D:9)
  A troll zombie (D:11)
  A water moccasin skeleton (D:7)
  3 killer bees (D:9)
  2 wights (D:9)
  An elephant simulacrum (Lair:6)
  3 centaur skeletons (D:9)
  2 jellies (D:6)
  Crazy Yiuf (D:5)
  8 orc priests
  4 hounds
  A bullfrog skeleton (D:6)
  4 iguanas
  Jessica (D:3)
  A scorpion zombie (D:5)
  20 orc wizards
  5 ogre zombies (D:11)
  A hound skeleton (D:2)
  2 howler monkey zombies (D:9)
  7 gnolls
  3 howler monkey skeletons
  11 adders
  A river rat (Sewer)
  2 adder skeletons (D:4)
  5 worms (Sewer)
  A dart slug (D:5)
  53 orcs
  8 endoplasms
  A giant cockroach (D:3)
  5 goblins
  7 hobgoblins
  2 jackals (D:3)
  28 kobolds
  4 quokkas
  9 ball pythons
  5 bats
  6 frilled lizards
  A goblin skeleton (D:11)
  A goblin zombie (D:11)
  2 hobgoblin skeletons (D:11)
  A hobgoblin zombie (D:11)
  2 orc skeletons (D:11)
  12 orc zombies (D:11)
  6 rats
  A bush (D:5)
730 creatures vanquished.

Vanquished Creatures (collateral kills)
  A great orb of eyes (Slime:5)
  An oklob plant (Lair:2)
  12 slime creatures
  2 elephants
  An eye of devastation (Slime:1)
  A golden eye (Slime:5)
  A naga (Snake:1)
  3 centaurs (Lair:1)
22 creatures vanquished.

Vanquished Creatures (others)
  An orc priest (Orc:2)
  An orc (Orc:2)
  A kobold (D:9)
  14 fungi
  26 plants
  7 withered plants (Lair:6)
50 creatures vanquished.

Grand Total: 802 creatures vanquished

Notes
Turn   | Place    | Note
-------+----------+-------------------------------------------
     0 | D:1      | Allula97 the Demonspawn Monk began the quest for the Orb.
     0 | D:1      | Reached XP level 1. HP: 18/18 MP: 1/1
   788 | D:1      | Gained mutation: When seriously injured, your blood forms
                  | armour. (AC +12) [demonic ancestry]
   788 | D:1      | Reached XP level 2. HP: 22/24 MP: 2/2
  1395 | D:1      | Found Muizxoh's Antique Weapon Boutique.
  1483 | D:2      | Reached skill level 2 in Stealth
  1483 | D:2      | Gained mutation: Your touch may inflict minor irresistible
                  | damage on your foes. [demonic ancestry]
  1483 | D:2      | Reached XP level 3. HP: 11/29 MP: 3/3
  2428 | D:2      | Found a faded altar of an unknown god.
  2608 | D:2      | Reached XP level 4. HP: 35/35 MP: 5/5
  3044 | D:3      | Reached skill level 1 in Armour
  3241 | D:3      | Noticed Jessica
  3246 | D:3      | Killed Jessica
  3247 | D:3      | Reached skill level 1 in Short Blades
  3529 | D:3      | Gained mutation: A meltable shield of frost defends you.
                  | (SH +4) [demonic ancestry]
  3529 | D:3      | Reached XP level 5. HP: 33/41 MP: 6/6
  4029 | D:2      | Reached skill level 3 in Stealth
  4260 | D:4      | Found Sogi Jikem's Specific Store.
  4261 | D:4      | Found Ypsipepe's General Store.
  4401 | D:4      | Found a glowing drain.
  4413 | Sewer    | Entered a sewer
  4450 | Sewer    | Reached XP level 6. HP: 20/48 MP: 7/7
  5086 | Sewer    | Reached skill level 1 in Shields
  5086 | Sewer    | Gained mutation: A weak demonic guardian rushes to your
                  | aid. [demonic ancestry]
  5086 | Sewer    | Reached XP level 7. HP: 48/54 MP: 8/8
  6277 | D:5      | Entered Level 5 of the Dungeon
  6301 | D:5      | Reached skill level 4 in Stealth
  6304 | D:5      | Noticed a wyvern
  6768 | D:5      | Noticed Edmund
  6795 | D:5      | Killed Edmund
  6796 | D:5      | Gained mutation: Your touch may inflict irresistible damage
                  | on your foes. [demonic ancestry]
  6796 | D:5      | Reached XP level 8. HP: 41/61 MP: 9/9
  7204 | D:1      | Bought a crude dagger for 147 gold pieces
  7204 | D:1      | Identified the +9 dagger "Wywaim" {protect, rPois Str+5
                  | Stlth+} (You bought it in a shop on level 1 of the Dungeon)
  7333 | D:5      | Noticed Blork the orc
  7346 | D:5      | Killed Blork the orc
  7451 | D:5      | Reached skill level 5 in Fighting
  7690 | D:5      | Found a runed translucent door.
  7691 | D:5      | Noticed Crazy Yiuf
  7697 | D:5      | Killed Crazy Yiuf
  7887 | D:6      | Reached skill level 5 in Short Blades
  8146 | D:6      | Reached skill level 5 in Stealth
  8146 | D:6      | Gained mutation: Your touch may irresistibly damage your
                  | foes and sap their willpower. [demonic ancestry]
  8146 | D:6      | Reached XP level 9. HP: 48/68 MP: 10/10
  8168 | D:6      | Found a staircase to the Ecumenical Temple.
  8184 | D:6      | Identified the +5 war axe "Ruaqei" {freeze, Will+}
  8221 | Temple   | Entered the Ecumenical Temple
  8361 | Temple   | Became a worshipper of Dithmenos the Shadowed
  8361 | Temple   | Reached * piety under Dithmenos
  8361 | Temple   | Reached ** piety under Dithmenos
  9035 | D:7      | Reached skill level 5 in Dodging
  9110 | D:7      | Reached skill level 6 in Stealth
  9404 | D:7      | Found Epurior's CLEARANCE SALE!.
  9418 | D:7      | Bought a wand of digging (6) for 160 gold pieces
  9542 | D:8      | Noticed a meliai
  9543 | D:8      | Noticed a centaur warrior
  9548 | D:8      | Killed a meliai
  9562 | D:8      | Killed a centaur warrior
  9563 | D:8      | Reached skill level 5 in Armour
  9563 | D:8      | Reached XP level 10. HP: 10/76 MP: 11/11
  9599 | D:8      | Found a flagged portal.
  9618 | Bailey   | Entered a bailey
  9736 | Bailey   | Identified the +2 ring mail "Gisa" {Str+6}
  9830 | Bailey   | Found an iron altar of Okawaru.
  9849 | Bailey   | Identified the +1 ring mail of a Labyrinth {rC+}
  9923 | D:8      | Noticed a two-headed ogre
  9936 | D:8      | Killed a two-headed ogre
 10080 | D:8      | Reached *** piety under Dithmenos
 10294 | D:8      | Reached skill level 7 in Stealth
 10634 | D:9      | Found Oxiul's Demolitions Depot.
 10687 | D:9      | Identified the +1 ring mail "Zuleiss" {rElec rF+ Will-
                  | Regen+}
 10907 | D:9      | Noticed Josephine
 10909 | D:9      | Noticed a skeletal warrior
 10956 | D:9      | Reached skill level 1 in Invocations
 10982 | D:9      | Killed a skeletal warrior
 10997 | D:9      | Reached XP level 11. HP: 52/83 MP: 12/12
 11104 | D:9      | Killed Josephine
 11174 | D:9      | Reached skill level 8 in Stealth
 11207 | D:9      | Reached **** piety under Dithmenos
 11355 | D:9      | Noticed a two-headed ogre
 11360 | D:9      | Killed a two-headed ogre
 11631 | D:9      | Noticed Erica
 11677 | D:9      | Killed Erica
 11968 | D:10     | Entered Level 10 of the Dungeon
 12154 | D:10     | Noticed Psyche
 12160 | D:10     | Killed Psyche
 12184 | D:10     | Found a staircase to the Lair.
 12401 | D:10     | Noticed a two-headed ogre
 12408 | D:10     | Killed a two-headed ogre
 12409 | D:10     | Reached skill level 5 in Unarmed Combat
 12543 | Lair:1   | Entered Level 1 of the Lair of Beasts
 13227 | Lair:1   | Found a basalt altar of Yredelemnul.
 13725 | Lair:2   | Found a staircase to the Swamp.
 13735 | Lair:2   | Gained mutation: When seriously injured, your blood forms
                  | thick armour. (AC +12) [demonic ancestry]
 13735 | Lair:2   | Reached XP level 12. HP: 91/91 MP: 15/15
 13763 | Lair:2   | Noticed a four-headed hydra
 13776 | Lair:2   | Killed a four-headed hydra
 13800 | Lair:2   | Found a staircase to the Snake Pit.
 13830 | Lair:2   | Reached skill level 9 in Stealth
 14139 | Lair:2   | Found a blossoming altar of Fedhas.
 14197 | Lair:2   | Reached skill level 5 in Invocations
 14341 | Lair:3   | Identified the +3 long sword "Pasuf" {vorpal, rC+ Str+4}
 14380 | Lair:3   | Reached skill level 10 in Short Blades
 14426 | Lair:3   | Found a transporter.
 14432 | Lair:3   | Found a transporter.
 14472 | Lair:3   | Found a one-way gate to the infinite horrors of the Abyss.
 14472 | Lair:3   | Noticed Kangaroobicon's ghost (journeyman PaFi)
 14527 | Lair:3   | Reached ***** piety under Dithmenos
 14564 | Lair:3   | Killed Kangaroobicon's ghost
 14662 | Lair:3   | Noticed a boulder beetle
 14691 | Lair:3   | Killed a boulder beetle
 14840 | Lair:3   | Noticed a seven-headed hydra
 14847 | Lair:3   | Killed a seven-headed hydra
 14848 | Lair:3   | Gained mutation: When seriously injured, your blood forms
                  | very thick armour. (AC +12) [demonic ancestry]
 14848 | Lair:3   | Reached XP level 13. HP: 99/99 MP: 17/17
 15234 | Lair:4   | Reached skill level 1 in Evocations
 15298 | Lair:4   | Reached skill level 10 in Stealth
 15409 | Lair:4   | Identified the +6 quarterstaff "Ehiaqen" {vamp, rF+ rN+
                  | Stlth-}
 15419 | Lair:4   | Identified the +7 glaive "Teusch" {pain, Int+2 SInv}
 15617 | Lair:5   | Found a dark tunnel.
 15623 | Volcano  | Entered a volcano
 15693 | Volcano  | Noticed an orb of fire
 15694 | Volcano  | Noticed a red draconian
 15738 | Volcano  | Killed a red draconian
 15760 | Volcano  | Identified the +1 ring mail of the Gravedigger {Rampage
                  | Will- Int+5 Slay-2}
 15886 | Volcano  | Noticed an orb of fire
 16586 | Lair:6   | Entered Level 6 of the Lair of Beasts
 16639 | Lair:6   | Reached skill level 1 in Spellcasting
 17091 | Lair:6   | Found a staircase to the Slime Pits.
 17218 | Lair:6   | Noticed Nessos
 17221 | Lair:6   | Killed Nessos
 17236 | Lair:6   | Found a runed translucent gate.
 17236 | Lair:6   | Found a runed translucent gate.
 17236 | Lair:6   | Found a runed translucent gate.
 17241 | Lair:6   | Noticed mmigdal's ghost (journeyman DsNe)
 17255 | Lair:6   | Killed mmigdal's ghost
 17262 | Lair:6   | Identified the +1 pair of gloves of the Other Side {Rampage
                  | rElec Str-2 Int+6}
 17329 | Lair:6   | Reached skill level 11 in Stealth
 17332 | Lair:6   | Reached XP level 14. HP: 108/108 MP: 18/18
 17432 | Lair:6   | Got Kikubaaqudgh's Incunabulum of Unholy Rituals
 17646 | Lair:6   | Reached skill level 1 in Necromancy
 17759 | Lair:6   | Reached ****** piety under Dithmenos
 18318 | Snake:1  | Entered Level 1 of the Snake Pit
 18434 | Snake:1  | Reached skill level 10 in Fighting
 18434 | Snake:1  | Reached skill level 10 in Dodging
 18771 | Snake:1  | Reached skill level 12 in Stealth
 19720 | D:11     | Noticed Erolcha
 19727 | D:11     | Killed Erolcha
 19985 | D:11     | Gained mutation: A meltable icy envelope protects you from
                  | harm. (AC +8) [demonic ancestry]
 19985 | D:11     | Reached XP level 15. HP: 116/116 MP: 21/21
 19985 | D:11     | Found a staircase to the Orcish Mines.
 20323 | D:11     | Found a runed translucent door.
 20324 | D:11     | Found a shimmering altar of Xom.
 20324 | D:11     | Noticed 101zpm's ghost (novice GrFi)
 20350 | D:11     | Killed 101zpm's ghost
 20853 | D:12     | Found Hyuxubo's Weapon Shop.
 21472 | D:13     | Reached skill level 10 in Unarmed Combat
 21705 | Orc:1    | Entered Level 1 of the Orcish Mines
 21888 | Orc:2    | Entered Level 2 of the Orcish Mines
 21940 | Orc:2    | Reached skill level 13 in Stealth
 22005 | Orc:1    | Found Xeeqak's Antique Weapon Boutique.
 22008 | Orc:1    | Found Rysta's Book Boutique.
 22221 | Orc:2    | Found an iron altar of Okawaru.
 22570 | Orc:2    | Found Systryeq's Jewellery Emporium.
 22570 | Orc:2    | Found Emorerre's Distillery.
 22605 | Orc:2    | Found Ocruyvo's Distillery.
 22605 | Orc:2    | Found Bamaenit's Weapon Emporium.
 22625 | Orc:2    | Bought a potion of experience for 750 gold pieces
 22630 | Orc:2    | Bought the ring of Woboadig {rF+ rC+ rCorr Slay+2} for 689
                  | gold pieces
 22633 | Orc:2    | Bought a potion of mutation for 112 gold pieces
 22633 | Orc:2    | Bought a potion of haste for 140 gold pieces
 22633 | Orc:2    | Bought a potion of heal wounds for 70 gold pieces
 22633 | Orc:2    | Bought a potion of curing for 42 gold pieces
 22635 | Orc:2    | Reached skill level 5 in Spellcasting
 22635 | Orc:2    | Reached skill level 5 in Necromancy
 22635 | Orc:2    | Gained mutation: A demonic guardian rushes to your aid.
                  | [demonic ancestry]
 22635 | Orc:2    | Reached XP level 16. HP: 124/124 MP: 21/23
 22792 | Orc:2    | Found a staircase to the Elven Halls.
 23711 | Slime:1  | Entered Level 1 of the Pits of Slime
 23719 | Slime:1  | Noticed an acid blob
 23745 | Slime:1  | Killed an acid blob
 23746 | Slime:1  | Reached skill level 5 in Evocations
 24000 | Slime:2  | Noticed an acid blob
 24008 | Slime:2  | Killed an acid blob
 24281 | Slime:2  | Noticed an acid blob
 24288 | Slime:2  | Gained mutation: A meltable icy envelope protects you from
                  | harm. (AC +8) [demonic ancestry]
 24288 | Slime:2  | Reached XP level 17. HP: 131/131 MP: 25/25
 24292 | Slime:2  | Killed an acid blob
 24338 | Slime:2  | Gained mutation: You are frail. (-10% HP) [a shining eye]
 24344 | Slime:2  | Gained mutation: You are dopey. (Int -2) [a shining eye]
 24376 | Slime:2  | Lost mutation: You are dopey. (Int -2) [potion of mutation]
 24376 | Slime:2  | Lost mutation: You are frail. (-10% HP) [potion of
                  | mutation]
 24376 | Slime:2  | Gained mutation: You expend magic power (3 MP) to
                  | strengthen your wands. [potion of mutation]
 24376 | Slime:2  | Gained mutation: Your spells are a little harder to cast,
                  | but a little more powerful. [potion of mutation]
 24376 | Slime:2  | Gained mutation: You have large cloven feet. [potion of
                  | mutation]
 24381 | Slime:2  | Learned a level 2 spell: Wereblood
 24461 | Slime:3  | Noticed an acid blob
 24463 | Slime:3  | Killed an acid blob
 24469 | Slime:3  | Noticed Dissolution
 24547 | Slime:3  | Gained mutation: Armour fits poorly on your strangely
                  | shaped body. [a shining eye]
 24549 | Slime:3  | Gained mutation: You are frail. (-10% HP) [a shining eye]
 24568 | Slime:3  | Paralysed by a floating eye for 3 turns
 24585 | Slime:4  | Killed Dissolution
 24586 | Slime:4  | Reached skill level 10 in Armour
 24586 | Slime:4  | Reached skill level 14 in Stealth
 24638 | Slime:4  | Lost mutation: You have large cloven feet. [potion of
                  | mutation]
 24638 | Slime:4  | Lost mutation: Armour fits poorly on your strangely shaped
                  | body. [potion of mutation]
 24638 | Slime:4  | Lost mutation: You are frail. (-10% HP) [potion of
                  | mutation]
 24638 | Slime:4  | Gained mutation: You have sharp toenails. [potion of
                  | mutation]
 24638 | Slime:4  | Gained mutation: Your body sometimes deteriorates upon
                  | taking damage. [potion of mutation]
 24638 | Slime:4  | Gained mutation: You are covered in fur. (AC +1) [potion of
                  | mutation]
 24757 | Slime:5  | Entered Level 5 of the Pits of Slime
 24757 | Slime:5  | Noticed an acid blob
 24767 | Slime:5  | Killed an acid blob
 24776 | Slime:5  | Paralysed by a great orb of eyes for 6 turns
 24847 | Slime:5  | Noticed an acid blob
 24854 | Slime:5  | Noticed an acid blob
 24864 | Slime:5  | Gained mutation: You are clumsy. (Dex -2) [a shining eye]
 24866 | Slime:5  | Gained mutation: You are weak. (Str -2) [a shining eye]
 24869 | Slime:5  | Gained mutation: You are somewhat resistant to further
                  | mutation. [a shining eye]
 24878 | Slime:5  | Mangled by an acid blob

Illustrated notes

Levels and vault maps discovered:
D:1:      tarquinn_simple_flora_water_d, layout_basic, serial_shops,
          nicolae_lakefront_shop, minmay_door_square
D:2:      layout_loops_ring, chequers_ecumenical_altar_grove
D:3:      layout_loops_corners, due_unseen_surprise, uniq_jessica
D:4:      layout_loops_ring, portal_sewer_entry_d,
          hangedman_decor_clover_reticule, nicolae_specific_store
D:5:      layout_rooms, serial_glass, glass_columns_a, glass_columns_a,
          glass_columns_c, glass_columns_a, uniq_edmund,
          uniq_crazy_yiuf_cottage, uniq_blork_the_orc
D:6:      minmay_diamond_boxcup, layout_basic, minmay_temple_entry_offerings
D:7:      layout_cave_pools, nicolae_water_bricks, nicolae_shop_clearance
D:8:      layout_loops_cross, enter_bailey_2, minmay_diamond_spiral
D:9:      hangedman_screamer, layout_loops_ring, mainiacjoe_overflow_paths,
          nicolae_blasting_shop, minmay_splitting_lines,
          nicolae_underground_beach, uniq_erica
D:10:     layout_loops_ring, lair_entry_dummy, uniq_psyche
D:11:     layout_cross, zombieorc1_lemuel, ebering_ghost_xom,
          lightli_fourway_metalbox, uniq_erolcha
D:12:     layout_loops_ring, serial_shops, shop
D:13:     layout_basic, skrybe_vaults_entry_preservation
Temple:   regret_index_temple_sigil_plot
Lair:1:   layout_cave_pods, lemuel_centaur_altar
Lair:2:   layout_cave_shapes, swamp_mist, guppyfry_snake_entry_garden,
          hangedman_tree_tricks, serial_bayou_shore_a
Lair:3:   layout_hall_layers, gammafunk_ghost_abyssal_escape, st_stairs_4,
          grunt_forest_stairs_clearing, serial_bayou_shore_b, grunt_megastairs_2
Lair:4:   layout_concentric_octagons, minmay_lindwurm_lava
Lair:5:   layout_regular_city, enter_volcano_1, minmay_holes
Lair:6:   due_jungle_book, layout_regular_city, minmay_slime_entry_oklob_open,
          ebering_ghost_rock_garden, uniq_josephine, uniq_nessos
Snake:1:  layout_chambers
Snake:2:  layout_layer_cave, grunt_megastairs_4, serial_bayou_shore_b,
          serial_bayou_shore_b, serial_bayou_shore_b, serial_bayou_shore_b
Slime:1:  layout_caves
Slime:2:  layout_caves
Slime:3:  layout_caves, uniq_dissolution
Slime:4:  layout_caves
Slime:5
Orc:1:    layout_caves, serial_shops, nicolae_shop_trees, shop, mines2_david
Orc:2:    grunt_orc_tribal_feast, layout_caves, okawaru_metal_pillars_1_2

Skill      XL: |  1  2  3  4  5  6  7  8  9 10 11 12 13 14 15 16 17 |
---------------+----------------------------------------------------+-----
Stealth        | 2 3 4 5 6 7 8 9 11 12 13 14 | 14.1
Unarmed Combat | 3 5 6 8 9 10 11 | 11.2
Dodging        | 3 4 5 6 7 8 9 10 11 | 11.4
Armour         | 1 2 3 4 5 6 7 8 9 10 | 10.0
Short Blades   | 1 2 4 5 7 8 9 10 11 | 11.3
Fighting       | 4 5 6 7 8 9 10 11 | 11.7
Shields        | 1 2 3 |  3.5
Invocations    | 1 4 5 6 |  6.7
Evocations     | 2 4 5 |  5.6
Spellcasting   | 2 4 5 6 |  6.1
Necromancy     | 3 5 6 |  6.6
Transmutations | 3 |  3.3
Throwing       | |  0.6

Action                   |  1- 3 |  4- 6 |  7- 9 | 10-12 | 13-15 | 16-18 || total
-------------------------+-------+-------+-------+-------+-------+-------++-------
Melee: Unarmed           |    59 |       |       |       |       |       ||    59
       Punch             |     4 |     2 |     5 |    49 |   130 |    81 ||   271
       Dagger            |    69 |   151 |   331 |   828 |  1465 |   552 ||  3396
       Touch             |     8 |    31 |    71 |   187 |   345 |   161 ||   803
Throw: Dart              |       |       |     2 |     5 |       |     1 ||     8
Invok: Shadow Step       |       |       |       |     2 |     1 |     3 ||     6
Evoke: Wand              |       |       |       |       |     3 |       ||     3
  Use: Scroll            |       |     9 |     5 |     7 |    10 |     1 ||    32
       Potion            |       |     2 |     3 |     6 |     9 |     5 ||    25
 Stab: Sleeping          |     7 |     4 |    12 |    23 |    70 |    28 ||   144
       Distracted        |       |       |       |     5 |     9 |     2 ||    16
Armor: Robe              |    28 |     1 |       |       |       |       ||    29
       Leather armour    |       |    23 |    21 |       |       |       ||    44
       Crystal plate arm |       |       |    21 |       |       |       ||    21
       Ring mail         |       |       |    35 |   242 |   393 |   200 ||   870
       Skin              |       |       |       |     1 |       |       ||     1
Dodge: Dodged            |    92 |    66 |   134 |   458 |   685 |   373 ||  1808
Block: Other             |       |    11 |    34 |    87 |   121 |    69 ||   322
